 Dungeon Crawl Stone Soup version 0.24-a0-584-g9d6b971ae4 (webtiles) character file.

Game seed: 4958980188185913989, levelgen mode: deterministic

63 Mithandil the Skirmisher (level 3, 0/29 HPs)
             Began as a Demonspawn Abyssal Knight on Sept 5, 2019.
             Was a Follower of Lugonu.
             Succumbed to a worker ant's poison
             ... on level 4 of the Dungeon.
             The game lasted 00:07:41 (2056 turns).

Mithandil the Skirmisher (DsAK)                     Turns: 2056, Time: 00:07:42

Health: 0/29       AC:  6    Str: 13      XL:     3   Next: 89%
Magic:  5/5        EV: 10    Int: 10 (13) God:    Lugonu [*.....]
Gold:   125        SH:  0    Dex: 10 (12) Spells: 2/2 levels left

rFire    . . .     SeeInvis .   a - +1 mace
rCold    . . .     Gourm    .   (no shield)
rNeg     . . .     Faith    .   i - +0 ring mail
rPois    +         Spirit   .   (no helmet)
rElec    .         Reflect  .   f - +0 cloak {rPois}
rCorr    .         Harm     .   (no gloves)
MR       .....                  (no boots)
Stlth    +.........             (no amulet)
HPRegen  0.09/turn              (no ring)
MPRegen  0.09/turn              (no ring)

@: lethally poisoned (0 -> -3)
A: powered by pain 1
a: Depart the Abyss, Renounce Religion


You were on level 4 of the Dungeon.
You worshipped Lugonu.
Lugonu was aware of your devotion.
You were not hungry.

You visited 1 branch of the dungeon, and saw 4 of its levels.
You visited the Abyss 1 time.

You collected 125 gold pieces.

Inventory:

Hand Weapons
 a - a +1 mace (weapon)
 b - a +0 spear
Missiles
 e - 15 arrows
 g - 2 boomerangs (quivered)
 m - 9 stones
 s - 21 bolts
Armour
 f - a +0 cloak of poison resistance (worn)
 i - a +0 ring mail (worn)
Wands
 j - a wand of random effects (10)
 v - a wand of iceblast (8)
Scrolls
 d - a scroll of teleportation
 h - a scroll of immolation {unknown}
 k - a scroll of enchant armour {unknown}
 o - a scroll of enchant weapon {unknown}
 q - 2 scrolls of identify
 r - a scroll of blinking {unknown}
Potions
 n - a potion of invisibility
 p - 2 potions of curing
Comestibles
 c - 6 rations
 l - a chunk of flesh


   Skills:
 * Level 3.5 Fighting
 + Level 2.1 Maces & Flails
 + Level 2.1 Armour
 + Level 1.3 Dodging
 + Level 1.0 Stealth
 + Level 0.9 Unarmed Combat
 + Level 2.9 Invocations


You had 2 spell levels left.
You didn't know any spells.
Your spell library contained the following spells:

 Spells                   Type           Power        Failure   Level  Hunger
 Confusing Touch          Hex            #.....       63%         1    ##.....
 Confuse                  Hex            #.......     94%         3    ####...
 Gell's Gravitas          Tloc           #.........   94%         3    ####...
 Petrify                  Tmut/Erth      #.......     100%        4    #####..
 Metabolic Englaciation   Hex/Ice        #.........   100%        5    ######.
 Yara's Violent Unravell  Hex/Tmut       #.........   100%        5    ######.


Dungeon Overview and Level Annotations

Branches:
Dungeon (4/15)
 Temple: D:4-7

Altars:

Shops:
D:4 (


Innate Abilities, Weirdness & Mutations

You sometimes gain a little power by taking damage.


Message History

The worker ant bites you but does no damage.
You sock the worker ant!
The worker ant is heavily wounded.
The worker ant bites you. x2
* * * LOW HITPOINT WARNING * * *
You barely miss the worker ant.
The worker ant is heavily wounded.
You feel sick. The worker ant closely misses you.
You closely miss the worker ant.
The worker ant is heavily wounded.
The worker ant bites you.
* * * LOW HITPOINT WARNING * * *
The worker ant bites you.
* * * LOW HITPOINT WARNING * * *
You hit the worker ant but do no damage.
The worker ant is heavily wounded.
The worker ant bites you but does no damage.
You barely miss the worker ant.
The worker ant is heavily wounded.
You die...

..# ..# #.# # #.#
#. #.######.#
...#######.##<....#
$.............#####
#.##a........#
#....@#.#..#.#
#.PP..#.#..#.#
#..∩..#....#.#
#..P..#.##.#.#
#........#.#.#
##.....(......
#####...### ..


You could see a worker ant.

Vanquished Creatures
  An adder (D:2)
  2 worms
  4 dart slugs
  A leopard gecko (D:1)
  2 giant cockroaches
  5 goblins
  4 hobgoblins
  A ball python (D:1)
  8 bats
  3 frilled lizards
  7 kobolds
  3 rats (D:1)
41 creatures vanquished.

Notes
Turn   | Place    | Note
-------+----------+-------------------------------------------
     0 | Abyss:1  | Mithandil the Demonspawn Abyssal Knight began the quest for
                  | the Orb.
     0 | Abyss:1  | Reached XP level 1. HP: 18/18 MP: 2/2
   118 | Abyss:1  | Noticed a chaos spawn
   148 | Abyss:2  | Noticed a small abomination
   156 | Abyss:2  | Found a corrupted altar of Lugonu.
   163 | D:1      | Escaped the Abyss
   280 | D:1      | Reached skill level 1 in Dodging
   299 | D:2      | Gained mutation: You sometimes gain a little power by
                  | taking damage. [demonic ancestry]
   299 | D:2      | Reached XP level 2. HP: 11/24 MP: 3/3
   840 | D:1      | Reached * piety under Lugonu
   990 | D:1      | Reached XP level 3. HP: 29/29 MP: 5/5
  1701 | D:3      | Reached skill level 1 in Stealth
  2043 | D:4      | Found Dystrin's Antique Weapon Shop.
  2054 | D:4      | HP: 1/29 [worker ant (1)]
  2056 | D:4      | Succumbed to a worker ant's poison

Levels and vault maps discovered:
D:1:      nzn_arrival_settlement, layout_loops_ring, grunt_decor_fettered
D:2:      layout_loops_ring, nicolae_overflow_crystal_walls,
          kiku_gazebo_pond_becter, nicolae_dithmenos_through_a_glass_darkly
D:3:      layout_basic
D:4:      layout_loops_cross, serial_shops, nicolae_shop_overgrown_old_shop

Skill      XL: |  1  2  3 |
---------------+----------+-----
Dodging        | 1 |  1.3
Armour         | 2 |  2.1
Maces & Flails | 2 |  2.1
Stealth        | 1 |  1.0
Fighting       | |  3.5
Unarmed Combat | |  0.9
Invocations    | |  2.9

Action                   || total
-------------------------++-------
Melee: Mace              ||   144
Invok: Depart the Abyss  ||     1
  Use: Potion            ||     6
       Scroll            ||     2
  Eat: Chunk             ||     4
Armor: Ring mail         ||    83
Dodge: Dodged            ||    98

Table legend:
 A = Non-vault XP
 B = Vault XP
 C = Vault XP percentage of total XP
 D = Non-vault monster count
 E = Vault monster count
 F = Vault count percentage of total count
                 A         B        C        D         E       F
            +---------+---------+-------+---------+---------+-------
      Total |      91 |       0 |   0.0 |      41 |       0 |   0.0
            +---------+---------+-------+---------+---------+-------
        D:1 |      40 |       0 |   0.0 |      23 |       0 |   0.0
        D:2 |      33 |       0 |   0.0 |      10 |       0 |   0.0
        D:3 |      18 |       0 |   0.0 |       8 |       0 |   0.0
            +---------+---------+-------+---------+---------+-------
